 Dungeon Crawl Stone Soup version 0.29-a0-330-g52719c12eb (webtiles) character file.

Game seed: 11107340801520107601

13292 sanka the Martial Artist (level 12, -5/96 HPs)
             Began as a Gnoll Cinder Acolyte on May 13, 2022.
             Was a Priest of Ignis.
             Slain by a minotaur
             ... wielding a +1 shortbow of flaming
              (17 damage)
             ... in a Gauntlet on May 20, 2022.
             The game lasted 00:35:44 (17545 turns).

sanka the Martial Artist (Gnoll Cinder Acolyte)    Turns: 17545, Time: 00:35:45

Health: -5/96      AC: 19    Str: 19    XL:     12   Next: 4%
Magic:  0/23       EV: 14    Int: 14    God:    Ignis [***...]
Gold:   1115       SH:  0    Dex: 13    Spells: 19/26 levels left

rFire   + + .      SeeInvis .     - Unarmed
rCold   + . .      Faith    .   (no shield)
rNeg    . . .      Spirit   +   B - +2 robe {rC+ rF+}
rPois   .          Reflect  .   (no helmet)
rElec   .          Harm     .   (no cloak)
rCorr   .          Rampage  .   J - +0 pair of gloves
Will    +....      NoTele   +   K - +1 pair of boots {Fly}
Stlth   +++.......              g - amulet of guardian spirit
HPRegen 0.26/turn               n - ring "Vyshig" {Will+ Str+6 Slay+6}
MPRegen 0.18/turn               q - +4 ring of protection

@: brilliant, fiery-armoured, flying
A: fangs 1, strong nose, distributed training
a: Renounce Religion, Fiery Armour, Foxfire Swarm, Rising Flame


You were in a Gauntlet.
You worshipped Ignis.
Ignis was most pleased with you.
You visited 2 branches of the dungeon, and saw 12 of its levels.
You also visited: Ossuary and Gauntlet.

You collected 1302 gold pieces.
You spent 187 gold pieces at shops.


Innate Abilities, Weirdness & Mutations

You have very sharp teeth.
Your uncanny sense of smell can sniff out nearby items.
Your experience applies equally to all skills.


   Skills:
 + Level 9.6 Fighting
 + Level 6.8 Short Blades
 + Level 6.8 Long Blades
 + Level 6.8 Axes
 + Level 6.8 Maces & Flails
 + Level 6.8 Polearms
 + Level 6.8 Staves
 + Level 6.8 Slings
 + Level 6.8 Bows
 + Level 6.8 Crossbows
 + Level 6.8 Throwing
 + Level 6.8 Armour
 + Level 6.8 Dodging
 + Level 6.8 Stealth
 + Level 6.8 Shields
 + Level 9.6 Unarmed Combat
 + Level 7.5 Spellcasting
 + Level 5.7 Conjurations
 + Level 5.7 Hexes
 + Level 5.7 Summonings
 + Level 5.7 Necromancy
 + Level 5.7 Translocations
 + Level 5.7 Transmutations
 + Level 8.0 Fire Magic
 + Level 5.7 Ice Magic
 + Level 5.7 Air Magic
 + Level 5.7 Earth Magic
 + Level 5.7 Poison Magic
 + Level 7.5 Invocations
 + Level 6.8 Evocations


You had 19 spell levels left.
You knew the following spells:

 Your Spells              Type           Power      Damage    Failure   Level
y - Scorch                Fire           82%        2d9       1%          2
z - Stone Arrow           Conj/Erth      62%        3d10      3%          3
N - Passwall              Tmut/Erth      25%        N/A       1%          2

Your spell library contained the following spells:

 Spells                   Type           Power      Damage    Failure   Level
 Sandblast                Erth           62%        2d14      1%          1
 Conjure Flame            Conj/Fire      36%        6-21      2%          3
 Ignite Poison            Fire/Tmut/Pois 35%        N/A       2%          3
 Gell's Gravitas          Tloc           31%        N/A       3%          3
 Lesser Beckoning         Tloc           31%        N/A       3%          3
 Teleport Other           Tloc           31%        N/A       3%          3
 Sticky Flame             Conj/Fire      36%        2d6       8%          4

Inventory:

Hand Weapons
 l - a +2 scimitar of flaming
Missiles
 c - 2 throwing nets {=f}
 i - 21 poisoned darts
 H - 4 atropa-tipped darts
Armour
 B - a +2 robe of resistance (worn)
 J - a +0 pair of gloves (worn)
 K - a +1 pair of boots of flying (worn)
Magical Staves
 b - a staff of conjuration {!a}
 z - a staff of air
 L - a staff of fire
Jewellery
 g - an amulet of guardian spirit (around neck)
 n - the ring "Vyshig" (left hand) {Will+ Str+6 Slay+6}

   [ring of strength]

   Str:       It affects your strength (+6).
   Slay:      It affects your accuracy & damage with ranged weapons and melee
   (+6).
   Will:      It increases your willpower.
 q - a +4 ring of protection (right hand)
 t - a ring of willpower
 D - a ring of protection from fire
 I - the amulet of the Four Winds {rN+ Will+++ Clar}

   [amulet of nothing]

   rN:        It protects you from negative energy.
   Clar:      It protects you against confusion.
   Will:      It greatly increases your willpower.
 M - a ring of fire
Wands
 s - a wand of flame (15)
 G - a wand of digging (5)
Scrolls
 a - 2 scrolls of blinking
 f - 5 scrolls of immolation {!r}
 m - 2 scrolls of fog
 p - 2 scrolls of summoning
 x - 4 scrolls of teleportation {@r4}
 y - a scroll of vulnerability {unknown}
 A - 3 scrolls of fear
Potions
 d - 2 potions of ambrosia {unknown}
 e - 2 potions of curing {@q1}
 h - 3 potions of degeneration {unknown}
 j - 2 potions of cancellation {unknown}
 k - 3 potions of might {unknown}
 o - 2 potions of haste {unknown}
 r - 2 potions of brilliance
 v - 2 potions of resistance {unknown}
 w - a potion of flight {unknown}
 C - 5 potions of attraction {!q}
 E - a potion of lignification {unknown}
 F - 4 potions of mutation {unknown}

Dungeon Overview and Level Annotations

Branches:
Dungeon (11/15)            Temple (1/1) D:4            Lair (0/6) D:9
    Orc (0/2) D:10        Ossuary (visited)         Gauntlet (1/1)

Altars:
Ashenzari
Cheibriados
Dithmenos
Elyvilon
Fedhas
Gozag
Hepliaklqana
Kikubaaqudgha
Makhleb
Nemelex Xobeh
Okawaru
Qazlal
Ru
Sif Muna
Trog
Uskayaw
Vehumet
Wu Jian
Xom
Yredelemnul
Zin
The Shining One

Shops:
D:9 [   D:10 *

Annotations:
D:6 exclusions: Sigmund and centaur
D:7 Maggie
D:11 2 runed translucent doors Gauntlet 8 transporters, exclusion: lightning spire

▒▒▒ ▒.▒ ▒▒'▒▒▒
▒.⌠##▒ ▒####+
∆+#{##▒ ▒#g##▒
▒▒#▒▒▒
▒▒▒▒▒▒▒#▒▒▒▒▒▒
▒.............▒
▒.▒▒▒.▒▒▒.▒▒▒.▒
▒.............▒
▒▒▒.▒▒▒.▒▒▒.▒▒
▒▒▒.▒▒▒.▒▒▒.▒▒▒
▒.............▒


There were no monsters in sight!


Message History

Something gores you!
Aiming: Stone Arrow (mildly dangerous; 3% risk of failure)
Aim: Disturbance (grey smoke)
The stone arrow hits something.
Something hits you!!
* * * LOW HITPOINT WARNING * * *
Something gores you!
* * * LOW HITPOINT WARNING * * *
Unknown command.
Unknown command.
You are now empty-handed.
You barely miss something.
Something furiously retaliates!
Something headbutts you, but does no damage.
You bite something. Something hits you!
* * * LOW HITPOINT WARNING * * *
Something gores you but does no damage. Something hits you.
* * * LOW HITPOINT WARNING * * *
Something gores you but does no damage.
Your magical contamination has completely faded away.
It was a potion of brilliance.
You feel clever all of a sudden. Something hits you!
* * * LOW HITPOINT WARNING * * *
Something gores you!
* * * LOW HITPOINT WARNING * * *
Something hits you!!
You die...

Action                   |  1- 3 |  4- 6 |  7- 9 | 10-12 || total
-------------------------+-------+-------+-------+-------++-------
Melee: Unarmed           |   110 |    49 |   207 |   280 ||   646
       Bite              |     8 |     3 |    29 |    41 ||    81
       Punch             |     2 |     4 |    11 |    19 ||    36
Throw: Dart              |       |       |    38 |     2 ||    40
 Cast: Scorch            |       |    15 |   104 |    33 ||   152
       Stone Arrow       |       |       |     3 |   169 ||   172
Invok: Foxfire Swarm     |       |       |     1 |     1 ||     2
       Fiery Armour      |       |       |     1 |     1 ||     2
Evoke: Wand              |       |       |       |     4 ||     4
  Use: Scroll            |       |       |    10 |     6 ||    16
       Potion            |       |       |     2 |    10 ||    12
 Stab: Sleeping          |     2 |       |     2 |       ||     4
Armor: Robe              |    18 |    18 |   109 |   184 ||   329
Dodge: Dodged            |    47 |    24 |   165 |   265 ||   501

Levels and vault maps discovered:
D:1:      matt_arrival_grand_opening, layout_loops_corners
D:2:      layout_rooms, kennysheep_generic_room_5
D:3:      layout_loops_ring, mainiacjoe_overflow_alcove_2,
          shapermc_ecumenical_altar_mp_ritualfount, dreamdust_princess_corridor
D:4:      layout_cave_pools, grunt_gozag_breadcrumbs,
          minmay_temple_entry_from_below_a, dreamdust_wishing_well,
          grunt_ministairs_6, uniq_menkaure
D:5:      layout_basic, uniq_duvessa, uniq_prince_ribbit1,
          uniq_crazy_yiuf_cottage, uniq_eustachio
D:6:      layout_rooms, nicolae_ossuary_entry_monument, uniq_sigmund
D:7:      layout_rooms, uniq_maggie
D:8:      layout_gridville, mainiacjoe_overflow_paths, uniq_erica
D:9:      minmay_angry_zag, layout_irregular_city, lair_entry_dummy,
          serial_shops, shop, serial_bayou_pond_d, minmay_misc_feat_diagonals,
          uniq_grum
D:10:     layout_layer_cave, grunt_temple_overflow_cloverleaf, erik_orc_2,
          nicolae_shop_overcharged_wands, uniq_joseph
D:11:     layout_basic, gauntlet_entry_generic, minmay_statue_crystal_thing
Temple:   regret_index_temple_generic_petals
Gauntlet: minmay_gauntlet_mixed_oops_all_seconds
          [minmay_gauntlet_arena_77_hold_the_fort,
          gammafunk_gauntlet_arena_grid, minmay_gauntlet_arena_77_mirror,
          gammafunk_gauntlet_arena_chambers, minmay_gauntlet_arena_77_two_lines,
          gammafunk_gauntlet_arena_corners, gauntlet_exit_hidden_loot]

Notes
Turn   | Place    | Note
-------+----------+-------------------------------------------
     0 | D:1      | sanka the Gnoll Cinder Acolyte began the quest for the Orb.
     0 | D:1      | Reached XP level 1. HP: 23/23 MP: 4/4
   367 | D:1      | Reached XP level 2. HP: 29/29 MP: 5/5
  1108 | D:1      | Reached XP level 3. HP: 35/35 MP: 7/7
  1524 | D:2      | Reached skill level 1 in Invocations
  1935 | D:2      | Reached skill level 1 in Short Blades
  1935 | D:2      | Reached skill level 1 in Long Blades
  1935 | D:2      | Reached skill level 1 in Axes
  1935 | D:2      | Reached skill level 1 in Maces & Flails
  1935 | D:2      | Reached skill level 1 in Polearms
  1935 | D:2      | Reached skill level 1 in Staves
  1935 | D:2      | Reached skill level 1 in Slings
  1935 | D:2      | Reached skill level 1 in Bows
  1935 | D:2      | Reached skill level 1 in Crossbows
  1935 | D:2      | Reached skill level 1 in Throwing
  1935 | D:2      | Reached skill level 1 in Armour
  1935 | D:2      | Reached skill level 1 in Dodging
  1935 | D:2      | Reached skill level 1 in Stealth
  1935 | D:2      | Reached skill level 1 in Shields
  1935 | D:2      | Reached skill level 1 in Evocations
  2215 | D:3      | Learned a level 2 spell: Scorch
  2269 | D:3      | Reached XP level 4. HP: 26/41 MP: 8/8
  2563 | D:3      | Reached skill level 3 in Spellcasting
  2605 | D:3      | Found a faded altar of an unknown god.
  2721 | D:3      | Found a glowing silver altar of Zin.
  2959 | D:4      | Noticed a water moccasin
  2966 | D:4      | Killed a water moccasin
  2967 | D:4      | Reached skill level 1 in Conjurations
  2967 | D:4      | Reached skill level 1 in Hexes
  2967 | D:4      | Reached skill level 1 in Summonings
  2967 | D:4      | Reached skill level 1 in Necromancy
  2967 | D:4      | Reached skill level 1 in Translocations
  2967 | D:4      | Reached skill level 1 in Transmutations
  2967 | D:4      | Reached skill level 1 in Ice Magic
  2967 | D:4      | Reached skill level 1 in Air Magic
  2967 | D:4      | Reached skill level 1 in Earth Magic
  2967 | D:4      | Reached skill level 1 in Poison Magic
  2967 | D:4      | Reached XP level 5. HP: 38/47 MP: 2/9
  3194 | D:4      | Found an opulent altar of Gozag.
  3261 | D:4      | Noticed Menkaure
  3274 | D:4      | Killed Menkaure
  3275 | D:4      | Reached skill level 2 in Short Blades
  3275 | D:4      | Reached skill level 2 in Long Blades
  3275 | D:4      | Reached skill level 2 in Axes
  3275 | D:4      | Reached skill level 2 in Maces & Flails
  3275 | D:4      | Reached skill level 2 in Polearms
  3275 | D:4      | Reached skill level 2 in Staves
  3275 | D:4      | Reached skill level 2 in Slings
  3275 | D:4      | Reached skill level 2 in Bows
  3275 | D:4      | Reached skill level 2 in Crossbows
  3275 | D:4      | Reached skill level 2 in Throwing
  3275 | D:4      | Reached skill level 2 in Armour
  3275 | D:4      | Reached skill level 2 in Dodging
  3275 | D:4      | Reached skill level 2 in Stealth
  3275 | D:4      | Reached skill level 2 in Shields
  3275 | D:4      | Reached skill level 2 in Invocations
  3275 | D:4      | Reached skill level 2 in Evocations
  3275 | D:4      | Reached XP level 6. HP: 46/53 MP: 1/11
  3362 | D:4      | Found a staircase to the Ecumenical Temple.
  3739 | D:4      | Reached XP level 7. HP: 46/59 MP: 7/12
  3936 | D:3      | Reached skill level 7 in Fighting
  3936 | D:3      | Reached skill level 7 in Unarmed Combat
  4313 | D:4      | Reached skill level 2 in Conjurations
  4313 | D:4      | Reached skill level 2 in Hexes
  4313 | D:4      | Reached skill level 2 in Summonings
  4313 | D:4      | Reached skill level 2 in Necromancy
  4313 | D:4      | Reached skill level 2 in Translocations
  4313 | D:4      | Reached skill level 2 in Transmutations
  4313 | D:4      | Reached skill level 2 in Ice Magic
  4313 | D:4      | Reached skill level 2 in Air Magic
  4313 | D:4      | Reached skill level 2 in Earth Magic
  4313 | D:4      | Reached skill level 2 in Poison Magic
  4450 | D:5      | Entered Level 5 of the Dungeon
  4556 | D:5      | Noticed Prince Ribbit
  4564 | D:5      | Killed Prince Ribbit
  4565 | D:5      | Reached skill level 4 in Spellcasting
  4565 | D:5      | Reached skill level 6 in Fire Magic
  4565 | D:5      | Reached skill level 3 in Invocations
  4565 | D:5      | Reached XP level 8. HP: 62/67 MP: 5/14
  4654 | D:5      | Noticed Eustachio
  4666 | D:5      | Killed Eustachio
  4667 | D:5      | Reached skill level 3 in Short Blades
  4667 | D:5      | Reached skill level 3 in Long Blades
  4667 | D:5      | Reached skill level 3 in Axes
  4667 | D:5      | Reached skill level 3 in Maces & Flails
  4667 | D:5      | Reached skill level 3 in Polearms
  4667 | D:5      | Reached skill level 3 in Staves
  4667 | D:5      | Reached skill level 3 in Slings
  4667 | D:5      | Reached skill level 3 in Bows
  4667 | D:5      | Reached skill level 3 in Crossbows
  4667 | D:5      | Reached skill level 3 in Throwing
  4667 | D:5      | Reached skill level 3 in Armour
  4667 | D:5      | Reached skill level 3 in Dodging
  4667 | D:5      | Reached skill level 3 in Stealth
  4667 | D:5      | Reached skill level 3 in Shields
  4667 | D:5      | Reached skill level 3 in Evocations
  5100 | D:5      | Noticed Duvessa
  5122 | D:5      | Identified a +2 robe of resistance
  5122 | D:5      | Noticed Dowan
  5123 | D:5      | Killed Duvessa
  5199 | D:5      | Killed Dowan
  5450 | D:5      | Reached skill level 3 in Conjurations
  5450 | D:5      | Reached skill level 3 in Hexes
  5450 | D:5      | Reached skill level 3 in Summonings
  5450 | D:5      | Reached skill level 3 in Necromancy
  5450 | D:5      | Reached skill level 3 in Translocations
  5450 | D:5      | Reached skill level 3 in Transmutations
  5450 | D:5      | Reached skill level 3 in Ice Magic
  5450 | D:5      | Reached skill level 3 in Air Magic
  5450 | D:5      | Reached skill level 3 in Earth Magic
  5450 | D:5      | Reached skill level 3 in Poison Magic
  5450 | D:5      | Reached skill level 4 in Invocations
  5793 | D:6      | Noticed Sigmund
  5839 | D:6      | Found a sand-covered staircase.
  5848 | Ossuary  | Entered an ossuary
  5878 | Ossuary  | Reached XP level 9. HP: 62/72 MP: 9/16
  6392 | Ossuary  | Reached skill level 4 in Short Blades
  6392 | Ossuary  | Reached skill level 4 in Long Blades
  6392 | Ossuary  | Reached skill level 4 in Axes
  6392 | Ossuary  | Reached skill level 4 in Maces & Flails
  6392 | Ossuary  | Reached skill level 4 in Polearms
  6392 | Ossuary  | Reached skill level 4 in Staves
  6392 | Ossuary  | Reached skill level 4 in Slings
  6392 | Ossuary  | Reached skill level 4 in Bows
  6392 | Ossuary  | Reached skill level 4 in Crossbows
  6392 | Ossuary  | Reached skill level 4 in Throwing
  6392 | Ossuary  | Reached skill level 4 in Armour
  6392 | Ossuary  | Reached skill level 4 in Dodging
  6392 | Ossuary  | Reached skill level 4 in Stealth
  6392 | Ossuary  | Reached skill level 4 in Shields
  6392 | Ossuary  | Reached skill level 5 in Spellcasting
  6392 | Ossuary  | Reached skill level 4 in Evocations
  7117 | D:6      | Killed Sigmund
  7229 | D:6      | Reached skill level 8 in Fighting
  7229 | D:6      | Reached skill level 8 in Unarmed Combat
  7276 | D:6      | Reached skill level 5 in Invocations
  8009 | D:7      | Learned a level 2 spell: Passwall
  8013 | D:7      | Learned a level 3 spell: Stone Arrow
  8337 | D:7      | Noticed a hornet
  8342 | D:7      | Paralysed by a hornet for 2 turns
  8346 | D:7      | Paralysed by a hornet for 3 turns
  8348 | D:7      | HP: 2/74 [hornet (7)]
  8352 | D:7      | Reached XP level 10. HP: 11/80 MP: 1/18
  8353 | D:7      | Reached skill level 4 in Conjurations
  8353 | D:7      | Reached skill level 4 in Hexes
  8353 | D:7      | Reached skill level 4 in Summonings
  8353 | D:7      | Reached skill level 4 in Necromancy
  8353 | D:7      | Reached skill level 4 in Translocations
  8353 | D:7      | Reached skill level 4 in Transmutations
  8353 | D:7      | Reached skill level 4 in Ice Magic
  8353 | D:7      | Reached skill level 4 in Air Magic
  8353 | D:7      | Reached skill level 4 in Earth Magic
  8353 | D:7      | Reached skill level 4 in Poison Magic
  8745 | D:7      | Identified +0 steam dragon scales
  8745 | D:7      | Noticed Maggie
  8854 | D:7      | Reached skill level 5 in Short Blades
  8854 | D:7      | Reached skill level 5 in Long Blades
  8854 | D:7      | Reached skill level 5 in Axes
  8854 | D:7      | Reached skill level 5 in Maces & Flails
  8854 | D:7      | Reached skill level 5 in Polearms
  8854 | D:7      | Reached skill level 5 in Staves
  8854 | D:7      | Reached skill level 5 in Slings
  8854 | D:7      | Reached skill level 5 in Bows
  8854 | D:7      | Reached skill level 5 in Crossbows
  8854 | D:7      | Reached skill level 5 in Throwing
  8854 | D:7      | Reached skill level 5 in Armour
  8854 | D:7      | Reached skill level 5 in Dodging
  8854 | D:7      | Reached skill level 5 in Stealth
  8854 | D:7      | Reached skill level 5 in Shields
  8854 | D:7      | Reached skill level 5 in Evocations
  9507 | D:7      | Reached skill level 7 in Fire Magic
  9835 | D:8      | Found a white marble altar of Elyvilon.
 10017 | D:8      | Reached skill level 6 in Spellcasting
 10036 | D:8      | Noticed Erica
 10207 | D:8      | Killed Erica
 10873 | D:9      | Reached skill level 6 in Invocations
 10884 | D:9      | Identified a scroll of acquirement
 10885 | D:9      | Acquired 564 gold pieces
 11308 | D:9      | Found Atycwa's Antique Armour Shop.
 11313 | D:9      | Bought a pair of glowing boots for 187 gold pieces
 11358 | D:9      | Found a staircase to the Lair.
 11801 | D:9      | Noticed Grum
 11840 | D:9      | Killed Grum
 12617 | D:9      | Reached XP level 11. HP: 87/87 MP: 13/20
 12732 | D:9      | HP: 6/87 [yak (9)]
 12743 | D:9      | Reached skill level 9 in Fighting
 12743 | D:9      | Reached skill level 6 in Short Blades
 12743 | D:9      | Reached skill level 6 in Long Blades
 12743 | D:9      | Reached skill level 6 in Axes
 12743 | D:9      | Reached skill level 6 in Maces & Flails
 12743 | D:9      | Reached skill level 6 in Polearms
 12743 | D:9      | Reached skill level 6 in Staves
 12743 | D:9      | Reached skill level 6 in Slings
 12743 | D:9      | Reached skill level 6 in Bows
 12743 | D:9      | Reached skill level 6 in Crossbows
 12743 | D:9      | Reached skill level 6 in Throwing
 12743 | D:9      | Reached skill level 6 in Armour
 12743 | D:9      | Reached skill level 6 in Dodging
 12743 | D:9      | Reached skill level 6 in Stealth
 12743 | D:9      | Reached skill level 6 in Shields
 12743 | D:9      | Reached skill level 9 in Unarmed Combat
 12743 | D:9      | Reached skill level 6 in Evocations
 12749 | D:9      | Reached skill level 5 in Conjurations
 12749 | D:9      | Reached skill level 5 in Hexes
 12749 | D:9      | Reached skill level 5 in Summonings
 12749 | D:9      | Reached skill level 5 in Necromancy
 12749 | D:9      | Reached skill level 5 in Translocations
 12749 | D:9      | Reached skill level 5 in Transmutations
 12749 | D:9      | Reached skill level 5 in Ice Magic
 12749 | D:9      | Reached skill level 5 in Air Magic
 12749 | D:9      | Reached skill level 5 in Earth Magic
 12749 | D:9      | Reached skill level 5 in Poison Magic
 13057 | D:10     | Entered Level 10 of the Dungeon
 13675 | D:10     | Noticed Joseph
 13691 | D:10     | Killed Joseph
 14016 | D:10     | Reached skill level 7 in Spellcasting
 14207 | D:10     | Noticed a two-headed ogre
 14221 | D:10     | Identified +0 pearl dragon scales
 14351 | D:10     | Killed a two-headed ogre
 14352 | D:10     | Reached skill level 7 in Invocations
 15642 | D:10     | Found a staircase to the Orcish Mines.
 15773 | D:10     | Found Kiatweax's Overcharged Wands.
 15861 | D:10     | Found a stormy altar of Qazlal.
 15864 | D:10     | Found a blossoming altar of Fedhas.
 15867 | D:10     | Found an ornate altar of the Wu Jian Council.
 15870 | D:10     | Found a radiant altar of Vehumet.
 15994 | Temple   | Entered the Ecumenical Temple
 16536 | D:11     | Found a runed translucent door.
 16546 | D:11     | Found a runed translucent door.
 16752 | D:11     | Found a gate leading to a gauntlet.
 16761 | Gauntlet | Entered a Gauntlet
 16761 | Gauntlet | Noticed a wizard
 16761 | Gauntlet | Found a transporter.
 16763 | Gauntlet | Noticed a wizard
 16781 | Gauntlet | Found a transporter.
 16798 | Gauntlet | Found a transporter.
 16802 | Gauntlet | Found a transporter.
 16810 | Gauntlet | Noticed a green death
 16823 | Gauntlet | Found a transporter.
 16835 | Gauntlet | Found the amulet of the Four Winds {rN+ Will+++ Clar}
 16836 | Gauntlet | Found a transporter.
 16847 | Gauntlet | Noticed a hell beast
 16849 | Gauntlet | Found a transporter.
 16854 | Gauntlet | Noticed a death scarab
 16877 | Gauntlet | Found a transporter.
 16877 | Gauntlet | Found a transporter.
 16883 | Gauntlet | Found a transporter.
 16916 | Gauntlet | Found a transporter.
 16916 | Gauntlet | Found a transporter.
 16916 | Gauntlet | Noticed a death scarab
 16991 | Gauntlet | HP: 8/89 [hell hound (2)]
 17003 | Gauntlet | HP: 6/89 [hell hound/blast of flame (3)]
 17012 | Gauntlet | HP: 8/89 [hell hound/blast of flame (5)]
 17013 | Gauntlet | HP: 1/89 [hell hound (8)]
 17025 | Gauntlet | Identified the ring "Vyshig" {Will+ Str+6 Slay+6}
 17323 | Gauntlet | Killed a hell beast
 17324 | Gauntlet | Reached skill level 8 in Fire Magic
 17324 | Gauntlet | Reached XP level 12. HP: 54/96 MP: 0/23
 17528 | Gauntlet | Noticed a minotaur
 17544 | Gauntlet | HP: 8/96 [something (17)]
 17544 | Gauntlet | HP: 1/96 [something (7)]
 17545 | Gauntlet | Slain by a minotaur

Vanquished Creatures
  A hell beast (Gauntlet)
  A two-headed ogre (D:10)
  Erica (D:8)
  Joseph (D:10)
  An efreet (Gauntlet)
  A troll (D:10)
  2 hornets
  Prince Ribbit (D:5)
  A wraith (D:9)
  Sigmund (D:6)
  16 yaks
  Eustachio (D:5)
  A fire elemental (Gauntlet)
  Grum (D:9)
  2 vampire mosquitoes (D:10)
  Menkaure (D:4)
  An acid dragon (D:10)
  3 hell hounds (Gauntlet)
  Duvessa (D:5)
  2 water moccasins
  A black bear (D:5)
  An ice beast (D:6)
  11 orc warriors
  A sky beast (D:5)
  4 ogres
  4 wolves (D:9)
  2 phantoms
  10 centaurs
  A bullfrog (D:9)
  11 scorpions
  14 wights
  Dowan (D:5)
  3 electric eels (D:10)
  5 howler monkeys
  3 centaur zombies (Ossuary)
  A jelly (D:7)
  3 hounds
  11 orc priests
  A gnoll shaman (D:6)
  A human zombie (Ossuary)
  A scorpion zombie (Ossuary)
  2 iguanas (D:6)
  12 orc wizards
  3 mummies (Ossuary)
  5 gnolls (D:6)
  7 adders
  2 white imps
  An ufetubus (D:6)
  2 worms (D:2)
  8 dart slugs
  46 orcs
  5 endoplasms
  A giant cockroach (D:2)
  2 gnoll zombies (Ossuary)
  8 goblins
  4 hobgoblins
  5 quokkas
  4 ball pythons
  3 bats
  3 frilled lizards
  2 goblin zombies (Ossuary)
  2 hobgoblin zombies (Ossuary)
  7 kobolds
  A kobold zombie (Ossuary)
  3 rats
268 creatures vanquished.

Vanquished Creatures (others)
  A sky beast (D:8)
  19 foxfires
  A fungus (D:3)
  5 plants (D:3)
26 creatures vanquished.

Grand Total: 294 creatures vanquished
